 Dungeon Crawl Stone Soup version 0.27-a0-346-ga689d4a613 (webtiles) character file.

Game seed: 9439064208538574845

43 jestyr24 the Chopper (level 3, -3/33 HPs)
             Began as a Minotaur Berserker on Feb 15, 2021.
             Was a Believer of Trog.
             Killed from afar by a white imp (10 damage)
             ... with a puff of frost
             ... on level 2 of the Dungeon.
             The game lasted 00:02:05 (1166 turns).

jestyr24 the Chopper (Minotaur Berserker)           Turns: 1166, Time: 00:02:06

Health: -3/33      AC:  2    Str: 22    XL:     3   Next: 37%
Magic:  2/2        EV: 12    Int:  4    God:    Trog [**....]
Gold:   30         SH:  0    Dex:  9    Spells: 2/2 levels left

rFire    . . .     SeeInvis .   a - +0 hand axe
rCold    . . .     Faith    .   (no shield)
rNeg     . . .     Spirit   .   b - +0 animal skin
rPois    .         Reflect  .   (helmet restricted)
rElec    .         Harm     .   (no cloak)
rCorr    .         Rampage  .   (no gloves)
Will     .....                  (no boots)
Stlth    +.........             (no amulet)
HPRegen  0.11/turn              (no ring)
MPRegen  0.08/turn              (no ring)

@: no status effects
A: retaliatory headbutt, horns 2
a: Renounce Religion, Berserk, Trog's Hand


You were on level 2 of the Dungeon.
You worshipped Trog.
Trog was pleased with you.
You visited 1 branch of the dungeon, and saw 2 of its levels.

You collected 30 gold pieces.

Inventory:

Hand Weapons
 a - a +0 hand axe (weapon)
Missiles
 f - 7 boomerangs
Armour
 b - a +0 animal skin (worn)
Scrolls
 c - 2 scrolls of identify {unknown}
 d - 2 scrolls of magic mapping {unknown}
 e - 2 scrolls of teleportation {unknown}


   Skills:
 + Level 4.3 Fighting
 + Level 4.6 Axes
 + Level 2.6 Armour
 + Level 2.4 Dodging


You had 2 spell levels left.
You didn't know any spells.
Your spell library was empty.

Dungeon Overview and Level Annotations

Branches:
Dungeon (2/15)

Altars:
Kikubaaqudgha
Sif Muna


Innate Abilities, Weirdness & Mutations

You reflexively headbutt those who attack you in melee.
You have a pair of horns on your head.


Message History

You kill the hobgoblin!
Trog accepts your kill.
You see here a +0 club.
You see here a +0 club.
d - 2 scrolls labelled UNWAMI MUEN (gained 1)
You see here a +0 club.
A white imp comes into view.
The white imp shouts, "Face thy fugue, thou bootless saucy Cock-Lorel!"
Found a droning book.
You see here a scroll labelled TIZEAPSAKA.
e - 2 scrolls labelled TIZEAPSAKA (gained 1)
Found a shimmering blue altar of Sif Muna.
You hit the white imp.
The white imp is heavily wounded.
The white imp gestures at you. The puff of frost hits you!
You hit the white imp.
You headbutt the white imp, but do no damage.
The white imp is heavily wounded.
The white imp barely misses you.
You completely miss the white imp.
You headbutt the white imp, but do no damage.
The white imp is heavily wounded.
The white imp barely misses you.
You barely miss the white imp.
The white imp is heavily wounded.
The white imp hits you. The white imp freezes you.
You barely miss the white imp.
The white imp is heavily wounded.
The white imp hits you. The white imp freezes you.
You barely miss the white imp.
The white imp is heavily wounded.
The white imp gestures at you. The puff of frost hits you!
* * * LOW HITPOINT WARNING * * *
You hit the white imp. Your headbutt misses the white imp.
The white imp is severely wounded.
The white imp gestures at you. The puff of frost hits you!
You die...

########
##......#
##..##.@.#
##..##.5.##
##..##...##
##..##...##
#..##...#
#.##...#
#.#.:.#
#.#._.
######.###


You could see a white imp.

Vanquished Creatures
  2 oozes (D:2)
  11 bats
  4 giant cockroaches
  4 hobgoblins
  A quokka (D:2)
  2 frilled lizards (D:1)
  4 kobolds
  8 rats (D:1)
36 creatures vanquished.

Vanquished Creatures (others)
  A withered plant (D:2)
1 creature vanquished.

Grand Total: 37 creatures vanquished

Notes
Turn   | Place    | Note
-------+----------+-------------------------------------------
     0 | D:1      | jestyr24 the Minotaur Berserker began the quest for the
                  | Orb.
     0 | D:1      | Reached XP level 1. HP: 19/19 MP: 0/0
   156 | D:1      | Reached XP level 2. HP: 19/27 MP: 1/1
   752 | D:1      | Reached ** piety under Trog
   996 | D:2      | Reached XP level 3. HP: 32/33 MP: 2/2
  1051 | D:2      | Found an ancient bone altar of Kikubaaqudgha.
  1159 | D:2      | Found a shimmering blue altar of Sif Muna.
  1166 | D:2      | Killed from afar by a white imp

Illustrated notes

Levels and vault maps discovered:
D:1:      tarquinn_simple_flora_water_e, layout_basic
D:2:      layout_loops_ring, nzn_overflow_gifts_of_might_and_magic,
          kiku_gazebo_garden_becter, general_overflow_altar, minmay_crystal_room

Skill      XL: |  1  2 |
---------------+-------+-----
Axes           | 4 |  4.6
Fighting       | 4 |  4.3
Armour         | |  2.6
Dodging        | |  2.4

Action                   || total
-------------------------++-------
Melee: Hand axe          ||    64
       Headbutt          ||     9
Armor: Animal skin       ||    13
Dodge: Dodged            ||    40

Table legend: (Time is in decaauts)
 A = Elapsed time spent in this place.
 B = Non-inter-level travel time spent in this place.
 C = Inter-level travel time spent in this place.
 D = Time resting spent in this place.
 E = Time spent auto-exploring this place.
 F = Levels seen in this place.
 G = Mean time per level.
                   A        B        C        D        E       F      G
               +--------+--------+--------+--------+--------+-----+--------+
         Total |   1171 |   1121 |     50 |      0 |    846 |   2 |  585.5 |
       Dungeon |   1171 |   1121 |     50 |      0 |    846 |   2 |  585.5 |
               +--------+--------+--------+--------+--------+-----+--------+

Top non-repeatable levels by time:
     D:1: 992 daAuts
     D:2: 179 daAuts
